 Dungeon Crawl Stone Soup version 0.23.2-40-g277498a001 (webtiles) character file.

Game seed: 2888952620443692935

66 tinetidsskrift the Skirmisher (level 3, -6/34 HPs)
             Began as a Minotaur Berserker on Sept 17, 2019.
             Was a Believer of Trog.
             Killed from afar by Ijyb (9 damage)
             ... with a wand of flame (13)
             ... on level 2 of the Dungeon.
             The game lasted 00:06:14 (1357 turns).

tinetidsskrift the Skirmisher (Minotaur Berserker)  Turns: 1357, Time: 00:06:14

Health: -6/34      AC:  2    Str: 22    XL:     3   Next: 96%
Magic:  2/2        EV: 12    Int:  4    God:    Trog [**....]
Gold:   141        SH:  0    Dex:  9    Spells: 2/2 levels left

rFire    . . .     SeeInvis .   a - +0 hand axe
rCold    . . .     Gourm    .   (no shield)
rNeg     . . .     Faith    .   b - +0 animal skin
rPois    .         Spirit   .   (helmet restricted)
rElec    .         Reflect  .   (no cloak)
rCorr    .         Harm     .   (no gloves)
MR       .....                  (no boots)
Stlth    +.........             (no amulet)
HPRegen  0.11/turn              (no ring)
MPRegen  0.08/turn              (no ring)

@: no status effects
A: retaliatory headbutt, horns 2
a: Berserk, Trog's Hand, Renounce Religion


You were on level 2 of the Dungeon.
You worshipped Trog.
Trog was pleased with you.
You were not hungry.

You visited 1 branch of the dungeon, and saw 2 of its levels.

You collected 141 gold pieces.

Inventory:

Hand Weapons
 a - a +0 hand axe (weapon)
Armour
 b - a +0 animal skin (worn)
 m - a +0 robe
Jewellery
 k - a +2 ring of protection {unknown}
Wands
 o - a wand of iceblast (10)
Scrolls
 d - 2 scrolls of magic mapping {unknown}
 g - 4 scrolls of identify {unknown}
 j - 2 scrolls of teleportation {unknown}
 n - a scroll of fear {unknown}
Potions
 c - 2 potions of haste {unknown}
 e - a potion of lignification {unknown}
 f - 2 potions of brilliance {unknown}
 h - a potion of curing {unknown}
 i - a potion of flight {unknown}


   Skills:
 + Level 4.6 Fighting
 - Level 4.3 Axes
 + Level 2.8 Armour
 + Level 3.0 Dodging


You had 2 spell levels left.
You didn't know any spells.
Your spell library was empty.

Dungeon Overview and Level Annotations

Branches:
Dungeon (2/15)

Altars:
Cheibriados
Dithmenos
Kikubaaqudgha
Vehumet
Wu Jian
Xom
Zin

Annotations:
D:2 2 transporters, Ijyb


Innate Abilities, Weirdness & Mutations

You reflexively headbutt those who attack you in melee.
You have a pair of horns on your head.


Message History

* * * LOW HITPOINT WARNING * * *
You barely miss Ijyb. Your headbutt misses Ijyb.
Ijyb is moderately wounded.
Ijyb closely misses you. You furiously retaliate!
You headbutt Ijyb! Ijyb misses you. You furiously retaliate!
You headbutt Ijyb. You miss Ijyb.
Ijyb is almost dead.
Ijyb barely misses you.
You hit Ijyb.
Ijyb is almost dead.
Ijyb hits you.
* * * LOW HITPOINT WARNING * * *
You barely miss Ijyb. You headbutt Ijyb, but do no damage.
Ijyb is almost dead.
Ijyb hits you.
* * * LOW HITPOINT WARNING * * *
You closely miss Ijyb.
Ijyb is almost dead.
Ijyb zaps a wand.
The puff of flame hits you!
You die...

########.#
#8.....8#
#รท#
#..[....#
###'##
#8.....8#
#....#
#.......#
#....#
#8.....8#
#....#
#.......#
#....###
#8..g..8#
#..(....
#.#...@...#
#.).....
#.........#
#..)..._
######.####
####....
#.#
#.......
#)#
#.......
#.#
#......_
#.#
#.......
#.#
#.......
#.#
#......#


You could see Ijyb.

Vanquished Creatures
  3 adders (D:2)
  A worm (D:2)
  2 giant cockroaches
  10 goblins
  3 jackals (D:1)
  A kobold (D:2)
  A quokka (D:2)
  A ball python (D:1)
  5 bats
  8 rats
35 creatures vanquished.

Notes
Turn   | Place    | Note
-------+----------+-------------------------------------------
     0 | D:1      | tinetidsskrift the Minotaur Berserker began the quest for
                  | the Orb.
     0 | D:1      | Reached XP level 1. HP: 19/19 MP: 0/0
   302 | D:1      | Reached XP level 2. HP: 27/27 MP: 1/1
   799 | D:2      | Noticed an ogre
   799 | D:2      | Noticed a killer bee
   800 | D:2      | Found a transporter.
   807 | D:2      | Found a transporter.
   835 | D:2      | Found an ornate altar of the Wu Jian Council.
   837 | D:2      | Found a radiant altar of Vehumet.
   837 | D:2      | Found a glowing silver altar of Zin.
   838 | D:2      | Found a shadowy altar of Dithmenos.
   855 | D:2      | Reached XP level 3. HP: 22/33 MP: 2/2
   895 | D:2      | Found an ancient bone altar of Kikubaaqudgha.
   895 | D:2      | Found a snail-covered altar of Cheibriados.
   905 | D:2      | Found a shimmering altar of Xom.
  1034 | D:2      | Reached ** piety under Trog
  1347 | D:2      | Noticed Ijyb
  1357 | D:2      | Killed from afar by Ijyb

Skill      XL: |  1  2  3 |
---------------+----------+-----
Axes           | 4 |  4.3
Fighting       | 4 |  4.6
Dodging        | 3 |  3.0
Armour         | |  2.8

Action                   || total
-------------------------++-------
Melee: Hand axe          ||    79
       Headbutt          ||    11
  Eat: Ration            ||     1
Armor: Animal skin       ||    18
Dodge: Dodged            ||    55
